 Dungeon Crawl Stone Soup version 0.17.0-23-g0de4337 (webtiles) character file.

1017 kosy22 the Ducker (level 8, -16/62 HPs)
             Began as a Troll Abyssal Knight on Nov 13, 2015.
             Was a Believer of Nemelex Xobeh.
             Killed from afar by a wretched star (33 damage)
             ... with an orb of energy
             ... created by the touch of Lugonu
             ... on level 6 of the Dungeon.
             The game lasted 00:17:57 (5353 turns).

kosy22 the Ducker (Troll Abyssal Knight)            Turns: 5353, Time: 00:17:58

Health: -16/62     AC:  9    Str: 21      XL:     8   Next: 2%
Magic:  8/8        EV: 10    Int:  8      God:    Nemelex Xobeh [**....]
Gold:   173        SH:  0    Dex:  5 (7)  Spells: 0 memorised, 7 levels left

rFire  . . .     SeeInvis .       - Unarmed
rCold  . . .     Rnd*Rage +     a - +0 robe
rNeg   . . .     SustAt   .     (no shield)
rPois  .         Gourm    +     (helmet restricted)
rElec  .         Spirit   .     n - +0 cloak
rCorr  .         Warding  .     (gloves unavailable)
rMut   .         Stasis   .     (boots unavailable)
MR     .....                    (no amulet)
Stlth  +.........               (no ring)
                                p - +4 ring of protection

@: not resistant to hostile enchantments, very unstealthy
A: unfitting armour, claws 3, berserk 1, blurry vision 1, clumsy 1, deformed
body, fast metabolism 3, frail 2, gourmand, regeneration 2, shaggy fur 1, tough
skin 2, weak 1
a: Renounce Religion


You were on level 6 of the Dungeon.
You worshipped Nemelex Xobeh.
Nemelex Xobeh was pleased with you.
You were not hungry.

You visited 2 branches of the dungeon, and saw 7 of its levels.
You visited the Abyss 1 time.

You collected 173 gold pieces.

Inventory:

Armour
 a - a +0 robe (worn)
 n - a +0 cloak (worn)
Jewellery
 p - a +4 ring of protection (left claw)
 t - an uncursed ring of wizardry {unknown}
 u - an uncursed ring of poison resistance {unknown}
Wands
 f - a wand of random effects (37)
 m - a wand of random effects (2)
 q - a wand of flame (17)
 v - a wand of frost (28)
Scrolls
 g - 5 scrolls of identify
 i - a scroll of enchant weapon
 k - 2 scrolls of remove curse
 l - a scroll of blinking
Potions
 d - a potion of haste
 h - a potion of curing
Books
 e - a book of Air

   Spells                             Type                      Level
   a - Shock                          Conjuration/Air              1
   b - Swiftness                      Charms/Air                   2
   c - Repel Missiles                 Charms/Air                   2
   d - Static Discharge               Conjuration/Air              3
   e - Lightning Bolt                 Conjuration/Air              5
Miscellaneous
 y - a plain deck of destruction {drawn: 1}
Comestibles
 b - 3 bread rations
 c - a meat ration


   Skills:
 + Level 4.1 Fighting
 + Level 6.0 Dodging
 + Level 0.7 Stealth
 + Level 4.3 Unarmed Combat
   Level 1.8 Invocations
 + Level 1.0 Evocations


You had 7 spell levels left.
You didn't know any spells.

Dungeon Overview and Level Annotations

Branches:
Dungeon (6/15)             Temple (1/1) D:5

Altars:
Ashenzari
Dithmenos
Fedhas
Gozag
Kikubaaqudgha
Makhleb
Nemelex Xobeh
Okawaru
Qazlal
Ru
Sif Muna
Trog
Vehumet
Xom
Zin
The Shining One


Innate Abilities, Weirdness & Mutations

You are too large for most types of armour.
You have claws for hands.
Your metabolism is lightning-fast.
You like to eat raw meat.
You heal very quickly.
You are covered in fur (AC +1).
You have very tough skin (AC +2).
[You tend to lose your temper in combat.]
[Scrolls take you a little longer to read.]
[You are clumsy. (Dex -2)]
[Armour fits poorly on your strangely shaped body.]
[You are very frail (-20% HP).]
[You are weak. (Str -2)]


Message History

Read which item? (? for menu, Esc to quit)
Really read with blurry vision while enemies are nearby? [Y]es or [N]o only, please.
Really read with blurry vision while enemies are nearby? [Y]es or [N]o only, please.
Really read with blurry vision while enemies are nearby? [Y]es or [N]o only, please.
Really read with blurry vision while enemies are nearby?
Okay, then.
Wield which item (- for none, * to show all)? (? for menu, Esc to quit)
Okay, then.
Evoke which item? (* to show all) (? for menu, Esc to quit)
You draw a card...
It is the Illusion.
The deck of cards glows slightly and disappears.
Suddenly you stand beside yourself.
The wretched star glows turbulently.
The orb of energy hits you!
Ouch! That really hurt!
You die...
Your body glows slightly and disappears.

.......#......#....#............#
.......#......'....#............#
.......#####..#....###.####.#####
......!....#..##.....#.####.##...
#####'#....#...#.....'.......#...
......#....#..)#.....#.......#>..
.)....#....#...#*@...#.......#...
###...#....#####.....###.###+#...
#*#...##........@.######'##......
.......#..........#...#...#......
.......#..........'...#...#......
########..........#########......
..,,,,,,.........................
..,,,,,,.........................
..,,,,,,.........................
..,,,,,,.........................
######+##+##########+###+#####...


You could see a wretched star and the friendly kosy22's illusion.

Vanquished Creatures
  Sigmund (D:3)
  A sky beast (D:5)
  A giant frog (D:6)
  A scorpion (D:6)
  A quasit (D:6)
  2 jellies (D:4)
  A crimson imp (D:6)
  An iguana (D:6)
  2 orc wizards (D:5)
  A centaur skeleton (D:6)
  2 hounds (D:4)
  2 worker ants (D:5)
  5 adders
  2 adder skeletons
  3 worms
  3 giant geckos
  8 orcs
  A ball python (D:4)
  6 bats
  7 giant cockroaches
  3 goblins
  6 hobgoblins
  2 jackals (D:4)
  A quokka (D:4)
  A sheep (D:4)
  5 giant newts
  A goblin zombie (D:6)
  6 kobolds
  A kobold skeleton (D:6)
  An orc skeleton (D:6)
  3 orc zombies (D:6)
  A quokka skeleton (D:4)
  4 rats
86 creatures vanquished.

Vanquished Creatures (collateral kills)
  A large abomination (D:6)
  A phantom (D:4)
  A centaur (D:5)
  A small abomination (D:6)
  A scorpion (D:4)
  An orc wizard (D:4)
  An adder (D:4)
  A giant gecko (D:4)
  2 orcs (D:4)
10 creatures vanquished.

Grand Total: 96 creatures vanquished

Notes
Turn   | Place    | Note
--------------------------------------------------------------
     0 | Abyss:1  | kosy22 the Troll Abyssal Knight began the quest for the Orb.
     0 | Abyss:1  | Reached XP level 1. HP: 22/22 MP: 1/1
    40 | Abyss:1  | Noticed an orc sorcerer
    49 | Abyss:1  | Noticed a five-headed hydra zombie
    65 | Abyss:1  | Noticed a flayed ghost
    99 | D:1      | Escaped the Abyss
   354 | D:1      | Reached XP level 2. HP: 22/29 MP: 2/2
   390 | D:1      | Reached * piety under Lugonu
  1154 | D:2      | Reached XP level 3. HP: 12/36 MP: 3/3
  1855 | D:3      | Noticed Sigmund
  1860 | D:3      | Reached XP level 4. HP: 37/44 MP: 4/4
  2075 | D:3      | Killed Sigmund
  2075 | D:3      | Reached skill level 3 in Fighting
  2075 | D:3      | Reached XP level 5. HP: 32/53 MP: 5/5
  2290 | D:3      | Found a bloodstained altar of Trog.
  2290 | D:3      | Found a shimmering altar of Xom.
  2290 | D:3      | Found a blossoming altar of Fedhas.
  2291 | D:3      | Found a sparkling altar of Nemelex Xobeh.
  2303 | D:3      | Fell from the grace of Lugonu
  2303 | D:3      | Became a worshipper of Nemelex Xobeh the Trickster
  2402 | D:4      | Received a gift from Nemelex Xobeh
  2602 | D:4      | Reached XP level 6. HP: 48/61 MP: 6/6
  2631 | D:4      | Reached skill level 4 in Dodging
  2679 | D:4      | Found a shimmering altar of Xom.
  2686 | D:4      | Noticed a phantom
  2945 | D:4      | Killed a phantom
  3166 | D:4      | Reached XP level 7. HP: 68/68 MP: 7/7
  3285 | D:5      | Entered Level 5 of the Dungeon
  3397 | D:5      | Reached * piety under Nemelex Xobeh
  3641 | D:5      | Found a staircase to the Ecumenical Temple.
  3740 | D:5      | Reached skill level 5 in Dodging
  3756 | Temple   | Entered the Ecumenical Temple
  3809 | Temple   | Received a gift from Nemelex Xobeh
  4042 | Temple   | Noticed a large abomination
  4431 | D:5      | Noticed a wretched star
  4727 | D:6      | Found a glowing golden altar of the Shining One.
  4965 | D:6      | Noticed a thrashing horror
  4984 | D:6      | Noticed a large abomination
  4990 | D:6      | Killed a large abomination
  4996 | D:6      | Reached ** piety under Nemelex Xobeh
  5134 | D:6      | Reached skill level 1 in Evocations
  5180 | D:6      | Reached skill level 6 in Dodging
  5180 | D:6      | Reached XP level 8. HP: 62/62 MP: 8/8
  5345 | D:6      | Noticed a wretched star
  5353 | D:6      | Killed from afar by a wretched star

Action                   |  1- 3 |  4- 6 |  7- 9 || total
-------------------------+-------+-------+-------++-------
Melee: Unarmed           |   137 |    96 |   149 ||   382
Invok: Depart the Abyss  |     1 |       |       ||     1
Evoke: Wand              |       |     2 |       ||     2
       Deck              |       |     4 |    10 ||    14
  Use: Potion            |       |     3 |     2 ||     5
       Scroll            |       |     2 |     8 ||    10
 Stab: Sleeping          |       |       |     1 ||     1
  Eat: Bread ration      |     2 |     1 |     1 ||     4
       Chunk             |     1 |     1 |     7 ||     9
       Meat ration       |     1 |       |     1 ||     2
       Fruit             |     4 |     5 |     1 ||    10
       Royal jelly       |       |       |     1 ||     1
       Pizza             |       |       |     1 ||     1
